 Dungeon Crawl Stone Soup version 0.26-a0-660-gc07710193c (webtiles) character file.

Game seed: 16727958453795499344

155 dickylongcocking the Insei (level 5, -1/33 HPs)
             Began as an Octopode Transmuter on Oct 5, 2020.
             Succumbed to a worker ant's poison
             ... on level 3 of the Dungeon.
             The game lasted 00:02:15 (3753 turns).

dickylongcocking the Insei (Octopode Transmuter)    Turns: 3753, Time: 00:02:15

Health: -1/33      AC:  1    Str:  9    XL:     5   Next: 37%
Magic:  8/8        EV: 13    Int: 17    God:
Gold:   127        SH:  0    Dex: 12    Spells: 2/8 levels left

rFire    . . .     SeeInvis .     - Unarmed
rCold    . . .     Faith    .   (no shield)
rNeg     . . .     Spirit   .   (helmet restricted)
rPois    .         Reflect  .   (no amulet)
rElec    .         Harm     .   (no ring)
rCorr    .         Rampage  .   (no ring)
MR       .....                  (no ring)
Stlth    ++........             (no ring)
HPRegen  0.11/turn              (no ring)
MPRegen  0.11/turn              (no ring)
                                (no ring)
                                (no ring)

@: mighty, lethally poisoned (-1 -> -27)
A: almost no armour, stealthy swim, amphibious, 8 rings, constrict 8, camouflage
1, gelatinous body 1
a: no special abilities


You were on level 3 of the Dungeon.
You visited 1 branch of the dungeon, and saw 3 of its levels.

You collected 127 gold pieces.

Inventory:

Wands
 b - a wand of iceblast (9)
Scrolls
 a - 7 scrolls of identify {unknown}
 c - 3 scrolls of enchant armour {unknown}
 d - 4 scrolls of immolation {unknown}
 e - 2 scrolls of teleportation {unknown}
 f - 3 scrolls of remove curse {unknown}
 g - a scroll of blinking {unknown}
 i - a scroll of magic mapping {unknown}


   Skills:
 - Level 1.0 Fighting
 - Level 2.0 Dodging
 * Level 5.7 Unarmed Combat
 - Level 2.0 Spellcasting
 * Level 2.1 Transmutations
 * Level 0.6 Poison Magic


You had 2 spell levels left.
You knew the following spells:

 Your Spells              Type           Power        Failure   Level
a - Beastly Appendage     Tmut           #.....       9%          1
b - Wereblood             Tmut           #.......     12%         2
c - Spider Form           Tmut/Pois      #.........   32%         3

Your spell library contained the following spells:

 Spells                   Type           Power        Failure   Level
 Ice Form                 Ice/Tmut       #.......     77%         4
 Blade Hands              Tmut           #.........   92%         5


Dungeon Overview and Level Annotations

Branches:
Dungeon (3/15)

Altars:


Innate Abilities, Weirdness & Mutations

You cannot wear most types of armour.
You are very stealthy in the water. (Stealth+)
You are amphibious.
You can wear up to eight rings at the same time.
You can use your tentacles to constrict eight enemies at once.
Your skin changes colour to match your surroundings (Stealth+).
Your rubbery body absorbs attacks. (AC +1, EV +1)


Message History

It was a potion of cancellation.
Your magical effects are unravelling.
You feel magically purged.
Your transformation has ended.
Your resistance to elements expires.
* * * LOW HITPOINT WARNING * * *
You feel sick.
It was a potion of might.
You feel very mighty all of a sudden.
* * * LOW HITPOINT WARNING * * *
You feel very sick.
Unknown command.
There is a lethal amount of poison in your body!
There is a lethal amount of poison in your body!
Unknown command.
Casting: Spider Form (quite dangerous; 32% risk of failure)
Confirm with . or Enter, or press ? or * to list all spells.
Okay, then.
There is a lethal amount of poison in your body!
There is a lethal amount of poison in your body!
You die...

#.........#
#.#....
#.........#
#......
#.........#
#.#....
#.........#
#......
#.........#
###.###
#.........# #.
#######'#######
#....>.......
#....@.######
#....†[#
#......#
#......#
#.......
####....#
#....# #....#


There were no monsters in sight!

Vanquished Creatures
  An orc priest (D:3)
  A worker ant (D:3)
  2 adders (D:2)
  An ooze (D:3)
  6 leopard geckos
  5 orcs (D:3)
  7 bats
  2 giant cockroaches (D:2)
  8 goblins
  8 hobgoblins
  6 jackals
  6 kobolds
  A quokka (D:3)
  A ball python (D:2)
  7 rats
62 creatures vanquished.

Notes
Turn   | Place    | Note
-------+----------+-------------------------------------------
     0 | D:1      | dickylongcocking the Octopode Transmuter began the quest
                  | for the Orb.
     0 | D:1      | Reached XP level 1. HP: 13/13 MP: 3/3
   187 | D:1      | Reached XP level 2. HP: 6/18 MP: 5/5
  1382 | D:2      | Reached skill level 4 in Unarmed Combat
  1467 | D:2      | Reached XP level 3. HP: 20/23 MP: 4/6
  2258 | D:2      | Reached XP level 4. HP: 28/28 MP: 5/7
  2637 | D:2      | Reached skill level 5 in Unarmed Combat
  3131 | D:3      | Reached XP level 5. HP: 21/33 MP: 8/8
  3318 | D:3      | Learned a level 2 spell: Wereblood
  3322 | D:3      | Learned a level 3 spell: Spider Form
  3752 | D:3      | HP: 1/33 [poisoned by a worker ant]
  3753 | D:3      | Succumbed to a worker ant's poison

Illustrated notes

Levels and vault maps discovered:
D:1:      elethiomel_arrival_infinity_welcomes_careful_drivers, layout_basic
D:2:      layout_basic, hex_large, minmay_tetromino_t2
D:3:      layout_basic

Skill      XL: |  1  2  3  4 |
---------------+-------------+-----
Unarmed Combat | 4 5 |  5.7
Fighting       | |  1.0
Dodging        | |  2.0
Spellcasting   | |  2.0
Transmutations | |  2.1
Poison Magic   | |  0.6

Action                   |  1- 3 |  4- 6 || total
-------------------------+-------+-------++-------
Melee: Unarmed           |    78 |    55 ||   133
       Constrict         |    20 |    12 ||    32
       Tentacles         |    10 |     7 ||    17
       Kick              |     9 |     3 ||    12
       Punch             |       |     1 ||     1
 Cast: Beastly Appendage |    17 |     3 ||    20
       Spider Form       |       |     1 ||     1
  Use: Potion            |     1 |     4 ||     5
 Stab: Sleeping          |     5 |     5 ||    10
Armor: Skin              |    25 |     2 ||    27
Dodge: Dodged            |    58 |    33 ||    91

Table legend: (Time is in decaauts)
 A = Elapsed time spent in this place.
 B = Non-inter-level travel time spent in this place.
 C = Inter-level travel time spent in this place.
 D = Time resting spent in this place.
 E = Time spent auto-exploring this place.
 F = Levels seen in this place.
 G = Mean time per level.
                   A        B        C        D        E       F      G
               +--------+--------+--------+--------+--------+-----+--------+
         Total |   3741 |   3690 |     51 |    830 |   2438 |   3 | 1247.0 |
       Dungeon |   3741 |   3690 |     51 |    830 |   2438 |   3 | 1247.0 |
               +--------+--------+--------+--------+--------+-----+--------+

Top non-repeatable levels by time:
     D:2: 1552 daAuts
     D:1: 1348 daAuts
     D:3: 840 daAuts
